 Dungeon Crawl Stone Soup version 0.23-a0-338-g8ff0b24 (webtiles) character file.

314 MisterFreud the Scratcher (level 6, -2/25 HPs)
             Began as a Felid Artificer on Oct 18, 2018.
             Slain by a killer bee (9 damage)
             ... on level 3 of the Dungeon.
             The game lasted 00:12:01 (3693 turns).

MisterFreud the Scratcher (Felid Artificer)         Turns: 3693, Time: 00:12:02

Health: -2/25      AC:  2    Str: 14 (15) XL:     6   Next: 19%
Magic:  10/10      EV: 18    Int: 17 (18) God:
Gold:   259        SH:  0    Dex: 15 (16) Spells: 5/5 levels left
                                        Lives:  0   Deaths: 1

rFire    . . .     SeeInvis +     - Unarmed
rCold    . . .     Gourm    .   (shield unavailable)
rNeg     . . .     Faith    .   (armour unavailable)
rPois    .         Spirit   .   (helmet unavailable)
rElec    .         Reflect  .   (cloak unavailable)
rCorr    .         Harm     .   (gloves unavailable)
MR       .....                  (boots unavailable)
Stlth    +++.......             p - amulet of regeneration
HPRegen  0.48/turn              (no ring)
MPRegen  0.12/turn              (no ring)

@: mighty, brilliant, quick
A: very small, no armour, no weapons or thrown items, stealth, claws 1, fangs 3,
see invisible, carnivore, speed 1, shaggy fur 2, slow metabolism 1, sharp paws
a: no special abilities


You were on level 3 of the Dungeon.
You were completely stuffed.

You visited 1 branch of the dungeon, and saw 4 of its levels.

You collected 259 gold pieces.

Inventory:

Jewellery
 e - an uncursed amulet of faith
 p - an amulet of regeneration (around neck)
Wands
 a - a wand of flame (11)
 b - a wand of enslavement (6)
 c - a wand of random effects (14)
Scrolls
 k - 4 scrolls of amnesia
 q - a scroll of immolation {unknown}
Potions
 f - a potion of lignification
 g - 2 potions of agility
 h - 2 potions of curing
 i - a potion of haste
Comestibles
 d - 5 rations
 n - 3 chunks of flesh


   Skills:
 - Level 1.0 Fighting
 - Level 2.6 Dodging
 - Level 4.0 Stealth
 + Level 5.4 Unarmed Combat
 - Level 4.4 Evocations


You had 5 spell levels left.
You didn't know any spells.
Your spell library was empty.

Dungeon Overview and Level Annotations

Branches:
Dungeon (4/15)
 Temple: D:4-7

Altars:
Elyvilon
Okawaru
Uskayaw
Vehumet
Xom


Innate Abilities, Weirdness & Mutations

You cannot wear armour.
You are incapable of wielding weapons or throwing items.
Your paws allow you to move quietly. (Stealth)
You have sharp claws.
You have razor-sharp teeth.
You have supernaturally acute eyesight. (SInv)
You are carnivorous and can eat meat at any time.
You cover ground quickly.
You are covered in thick fur. (AC +2)
You have a slow metabolism.
Your sharp claws are effective at attacking unaware monsters.


Message History

There was something very wrong with that liquid.
You feel weakened.
You feel dopey.
You feel clumsy.
Your killer bee stings something! x2; You feel a bit more experienced.
You start resting.
Eating one of 4 chunks of flesh.
You eat one of the 4 chunks of flesh.
This raw flesh tastes great.
You feel sick.
You are no longer poisoned.
You feel a bit more experienced.
You start resting.
The killer bee is no longer charmed.
The killer bee stings you.
* * * LOW HITPOINT WARNING * * *
The killer bee barely misses you.
Evoke which item? (* to show all) (? for menu, Esc to quit)
Aiming: Throw Flame
Press: ? - help, Shift-Dir - straight line, f/p - killer bee
Aim: a killer bee (lightly wounded)
The puff of flame hits the killer bee.
The killer bee is moderately wounded.
The killer bee barely misses you. The killer bee stings you!
You die...

#†# #.#
##'### #
#....# #
#....# #
#....#####
#
#!...).oo#
# #...y# #
#...@# #
#...[# #
###### ..
### ### ..#
#.#
.######.###
.......[..#
#†#


You could see a killer bee.

Vanquished Creatures
  A scorpion (D:4)
  Ijyb (D:4)
  A hound (D:3)
  An orc priest (D:3)
  Jessica (D:2)
  A worker ant (D:4)
  2 adders
  2 dart slugs
  3 worms
  3 leopard geckos
  7 orcs
  4 bats
  4 giant cockroaches
  6 goblins
  5 hobgoblins
  3 jackals
  6 kobolds
  2 quokkas
  A ball python (D:4)
  3 frilled lizards
  A rat (D:2)
58 creatures vanquished.

Vanquished Creatures (collateral kills)
  An ogre (D:4)
  An orc priest (D:3)
  Terence (D:3)
  A worm (D:3)
  2 orcs (D:3)
  2 giant cockroaches (D:3)
  A hobgoblin (D:3)
  A jackal (D:2)
10 creatures vanquished.

Vanquished Creatures (others)
  2 killer bees (D:3)
  A hobgoblin (D:3)
3 creatures vanquished.

Grand Total: 71 creatures vanquished

Notes
Turn   | Place    | Note
-------+----------+-------------------------------------------
     0 | D:1      | MisterFreud the Felid Artificer began the quest for the
                  | Orb.
     0 | D:1      | Reached XP level 1. HP: 9/9 MP: 4/4
   290 | D:1      | Reached XP level 2. HP: 12/12 MP: 5/5
   760 | D:1      | Reached XP level 3. HP: 10/15 MP: 6/6
  1071 | D:2      | Noticed Jessica
  1093 | D:2      | Killed Jessica
  1229 | D:2      | Found a faded altar of an unknown god.
  1281 | D:2      | Reached XP level 4. HP: 9/19 MP: 8/8
  2448 | D:3      | Noticed Ijyb
  2586 | D:3      | Reached skill level 2 in Unarmed Combat
  2623 | D:3      | Found a radiant altar of Vehumet.
  2632 | D:4      | Noticed an ogre
  2637 | D:4      | Killed an ogre
  2648 | D:4      | Killed from afar by Ijyb
  2649 | D:4      | Reached XP level 3. HP: -14/15 MP: 7/7
  2667 | D:4      | Reached skill level 3 in Unarmed Combat
  2667 | D:4      | Reached XP level 4. HP: 19/19 MP: 8/8
  2729 | D:4      | Killed Ijyb
  2729 | D:4      | Reached skill level 4 in Unarmed Combat
  2729 | D:4      | Reached XP level 5. HP: 13/22 MP: 9/9
  3063 | D:4      | Found a white marble altar of Elyvilon.
  3063 | D:4      | Found a hide-covered altar of Uskayaw.
  3064 | D:4      | Found a shimmering altar of Xom.
  3173 | D:3      | Found an iron altar of Okawaru.
  3488 | D:3      | Reached skill level 5 in Unarmed Combat
  3529 | D:3      | Gained mutation: You are covered in thick fur. (AC +2)
                  | [Felid growth]
  3529 | D:3      | Reached XP level 6. HP: 25/25 MP: 10/10
  3666 | D:3      | Noticed Terence
  3674 | D:3      | Killed Terence
  3693 | D:3      | Slain by a killer bee

Vault maps used:
D:1:      sevenhm_arrival_forest_fort_small_4
D:2:      chequers_ecumenical_altar_island, kennysheep_jessica_study
D:3:      overflow_temple_1_default, okawaru_metal_pillars_1_2, uniq_ijyb,
          uniq_terence
D:4:      lemuel_round_altar, gammafunk_temple_overflow_claw, serial_shops,
          nicolae_shop_behind_doors, hangedman_decor_opposing,
          skrybe_limestone_x

Skill      XL: |  1  2  3  4  5 |
---------------+----------------+-----
Stealth        | 3 4 |  4.0
Evocations     | 4 |  4.4
Unarmed Combat | 3 4 5 |  5.4
Fighting       | |  1.0
Dodging        | |  2.6

Action                   |  1- 3 |  4- 6 || total
-------------------------+-------+-------++-------
Melee: Unarmed           |   116 |   115 ||   231
       Bite              |    19 |    12 ||    31
       Punch             |       |     1 ||     1
Evoke: Wand              |     2 |    12 ||    14
  Use: Scroll            |     2 |     6 ||     8
       Potion            |       |     4 ||     4
 Stab: Sleeping          |     9 |     4 ||    13
       Distracted        |       |     2 ||     2
  Eat: Chunk             |     8 |    10 ||    18
Armor: Skin              |    13 |     5 ||    18
Dodge: Dodged            |    99 |    89 ||   188

Table legend:
 A = Non-vault XP
 B = Vault XP
 C = Vault XP percentage of total XP
 D = Non-vault monster count
 E = Vault monster count
 F = Vault count percentage of total count
                 A         B        C        D         E       F
            +---------+---------+-------+---------+---------+-------
      Total |     418 |     129 |  23.6 |      66 |       4 |   5.7
            +---------+---------+-------+---------+---------+-------
        D:1 |      23 |       0 |   0.0 |      12 |       0 |   0.0
        D:2 |      49 |      39 |  44.3 |      20 |       2 |   9.1
        D:3 |     159 |      23 |  12.6 |      25 |       1 |   3.8
        D:4 |     187 |      67 |  26.4 |       9 |       1 |  10.0
            +---------+---------+-------+---------+---------+-------
